 Dungeon Crawl Stone Soup version 0.21.1-1-g345015f (webtiles) character file.

296 diana the Chopper (level 6, -4/47 HPs)
             Began as a Formicid Fighter on May 30, 2018.
             Slain by a scorpion (8 damage)
             ... on level 4 of the Dungeon.
             The game lasted 00:03:44 (3008 turns).

diana the Chopper (Formicid Fighter)                Turns: 3008, Time: 00:03:45

Health: -4/47      AC:  6    Str: 27    XL:     6   Next: 62%
Magic:  6/6        EV:  8    Int:  8    God:
Gold:   89         SH: 10    Dex: 10    Spells: 5/5 levels left

rFire    . . .     SeeInvis +   w - +2 hand axe (freeze)
rCold    . . .     Gourm    .   c - +0 shield
rNeg     . . .     Faith    .   b - +0 scale mail
rPois    .         Spirit   .   (helmet unavailable)
rElec    .         Reflect  .   (no cloak)
rCorr    .         Harm     .   (no gloves)
MR       .....                  (no boots)
Stlth    ..........             t - amulet of rage
HPRegen  0.15/turn              (no ring)
MPRegen  0.10/turn              (no ring)

@: mighty
A: permanent stasis, dig shafts and tunnels, four strong arms, antennae 3
a: Dig, Shaft Self


You were on level 4 of the Dungeon.
You were hungry.

You visited 1 branch of the dungeon, and saw 4 of its levels.

You collected 89 gold pieces.

Inventory:

Hand Weapons
 w - a +2 hand axe of freezing (weapon)
Armour
 b - a +0 scale mail (worn)
 c - a +0 shield (worn)
Jewellery
 t - an amulet of rage (around neck)
 u - an uncursed amulet of faith {unknown}
 v - an uncursed ring of stealth {unknown}
Scrolls
 a - a scroll of immolation {unknown}
 e - a scroll of magic mapping {unknown}
 k - a scroll of remove curse {unknown}
 m - 2 scrolls of enchant armour {unknown}
 n - a scroll of fear {unknown}
 p - 2 scrolls of identify {unknown}
 q - a scroll of blinking {unknown}
 s - a scroll of teleportation {unknown}
Potions
 d - a potion of might
 g - a potion of heal wounds {unknown}
 h - a potion of haste {unknown}
 i - 4 potions of brilliance {unknown}
 j - 3 potions of curing {unknown}
 l - 2 potions of agility {unknown}
 o - a potion of lignification {unknown}
 r - a potion of flight {unknown}
Comestibles
 f - 7 rations


   Skills:
 - Level 3.2 Fighting
 * Level 6.5 Axes
 - Level 3.2 Armour
 - Level 3.6 Shields


You had 5 spell levels left.
You didn't know any spells.

Dungeon Overview and Level Annotations

Branches:
Dungeon (4/15)
 Temple: D:4-7

Altars:

Portals:
Ossuary: D:4


Innate Abilities, Weirdness & Mutations

You cannot be hasted, slowed, berserked, paralysed or teleported.
You can dig through walls and to a lower floor.
Your four strong arms can wield two-handed weapons with a shield.
You have a pair of large antennae on your head. (SInv)


Message History

You hit the ogre. You freeze the ogre. The ogre barely misses you.
Your shield prevents you from hitting the ogre.
The ogre is lightly wounded.
You hear the slow hiss of an avalanche of sand.
The ogre hits you with a giant club!!
You hit the ogre. You freeze the ogre.
The ogre is moderately wounded.
You hit the ogre. You freeze the ogre.
The ogre is heavily wounded.
The ogre hits you with a giant club!!
* * * LOW HITPOINT WARNING * * *
You are too injured to fight recklessly!
You are too injured to fight recklessly!
You are too injured to fight recklessly!
You are too injured to fight recklessly!
You feel very mighty all of a sudden. The ogre hits you with a giant club.
* * * LOW HITPOINT WARNING * * *
The scorpion stings you!
You die...

### ..# ..#..## #<#
#...∩...... #.#
#..........
#########.#
#..#..#...
#.......#.###.......#
####..[.#.##........#
#......##....†...#
#####..#....@O...#
..##..#.....s...#
#.###.#.......?....
#.# #..............
#.# #..........##.#
#.# #...######.# .
#.# #.#.#### ...
######.###.#.....
.#..
.................. #.


You could see an ogre and a scorpion.

Vanquished Creatures
  Grinder (D:3)
  4 gnolls (D:2)
  A dart slug (D:2)
  3 leopard geckos
  5 orcs (D:3)
  7 bats
  6 giant cockroaches
  8 goblins
  4 hobgoblins
  7 kobolds
  A quokka (D:3)
  2 frilled lizards
  11 rats
60 creatures vanquished.

Notes
Turn   | Place    | Note
-------+----------+-------------------------------------------
     0 | D:1      | diana the Formicid Fighter began the quest for the Orb.
     0 | D:1      | Reached XP level 1. HP: 18/18 MP: 1/1
   144 | D:1      | Reached XP level 2. HP: 21/24 MP: 2/2
   191 | D:1      | Reached skill level 3 in Axes
   379 | D:1      | Reached XP level 3. HP: 27/29 MP: 3/3
   745 | D:2      | Reached skill level 4 in Axes
   745 | D:2      | Reached XP level 4. HP: 11/35 MP: 4/4
  1899 | D:3      | Noticed Grinder
  1916 | D:3      | Killed Grinder
  1916 | D:3      | Reached skill level 6 in Axes
  1916 | D:3      | Reached XP level 5. HP: 10/41 MP: 5/5
  1916 | D:3      | Reached XP level 6. HP: 11/47 MP: 6/6
  2996 | D:4      | Found a sand-covered staircase.
  2998 | D:4      | Noticed an ogre
  3008 | D:4      | Slain by a scorpion

Skill      XL: |  1  2  3  4 |
---------------+-------------+-----
Axes           | 3 4 6 |  6.5
Fighting       | |  3.2
Armour         | |  3.2
Shields        | |  3.6

Action                   |  1- 3 |  4- 6 || total
-------------------------+-------+-------++-------
Melee: War axe           |    69 |    63 ||   132
       Hand axe          |       |    50 ||    50
  Use: Potion            |     1 |     1 ||     2
  Eat: Chunk             |       |     6 ||     6
Armor: Scale mail        |    31 |    43 ||    74
Dodge: Dodged            |    15 |    39 ||    54
Block: Shield            |    38 |    73 ||   111
